 Dungeon Crawl Stone Soup version 0.28-a0-773-g130ae17fe5 (webtiles) character file.

Game seed: 11475469329735662021

42 bande the Skirmisher (level 3, 0/24 HPs)
             Began as a Gargoyle Fighter on Nov 1, 2021.
             Frozen to death by an endoplasm (3 damage)
             ... on level 2 of the Dungeon.
             The game lasted 00:01:34 (1481 turns).

bande the Skirmisher (Gargoyle Fighter)             Turns: 1481, Time: 00:01:35

Health: 0/24       AC: 10    Str: 20    XL:     3   Next: 54%
Magic:  3/3        EV:  9    Int:  8    God:
Gold:   39         SH:  4    Dex:  9    Spells: 2/2 levels left

rFire   . . .      SeeInvis .   a - +0 war axe
rCold   . . .      Faith    .   c - +0 buckler
rNeg    + . .      Spirit   .   b - +0 scale mail
rPois   ∞          Reflect  .   (no helmet)
rElec   +          Harm     .   (no cloak)
rCorr   .          Rampage  .   (no gloves)
Will    .....                   (no boots)
Stlth   ..........              (no amulet)
HPRegen 0.08/turn               (no ring)
MPRegen 0.08/turn               (no ring)

@: no status effects
A: sickness immunity, AC +3, negative energy resistance 1, electricity
resistance, torment resistance 1, petrification resistance
a: no special abilities


You were on level 2 of the Dungeon.
You visited 1 branch of the dungeon, and saw 2 of its levels.

You collected 39 gold pieces.

Inventory:

Hand Weapons
 a - a +0 war axe (weapon)
Armour
 b - a +0 scale mail (worn)
 c - a +0 buckler (worn)
Scrolls
 e - 2 scrolls of identify {unknown}
 f - a scroll of blinking {unknown}
 g - a scroll of magic mapping {unknown}
Potions
 d - a potion of might


   Skills:
 + Level 3.7 Fighting
 + Level 2.5 Axes
 + Level 3.5 Armour
 - Level 0.2 Dodging
 - Level 0.1 Stealth
 + Level 3.6 Shields


You had 2 spell levels left.
You didn't know any spells.
Your spell library contained the following spells:

 Spells                   Type           Power      Damage    Failure   Level
 Summon Small Mammal      Summ           0%         N/A       77%         1
 Call Canine Familiar     Summ           0%         N/A       98%         3
 Summon Guardian Golem    Hex/Summ       0%         N/A       98%         3


Dungeon Overview and Level Annotations

Branches:
Dungeon (2/15)

Altars:


Innate Abilities, Weirdness & Mutations

You are immune to sickness and miasma.
Your stone body is resilient. (AC +3)
You are immune to poison.
You resist negative energy. (rN+)
You are resistant to electric shocks. (rElec)
You are resistant to unholy torment.
You are immune to petrification.


Message History

The ball python bites you but does no damage.
The ball python constricts you. The worm bites you.
You hit the worm.
The worm is moderately wounded.
You hit the ball python but do no damage.
The ball python bites you but does no damage.
The ball python constricts you. The ball python barely misses you.
The ball python constricts you. The worm bites you.
Unknown command.
You hit the worm.
The worm is severely wounded.
You slash the ball python!
You kill the ball python!
The endoplasm hits you but does no damage.
Unknown command.
You slash the worm!
You kill the worm!
You barely miss the endoplasm. The endoplasm freezes you.
You are frozen.
* * * LOW HITPOINT WARNING * * *
The endoplasm freezes you.
You are frozen.
* * * LOW HITPOINT WARNING * * *
Things that are here:
a +0 club; 22 stones Unknown command.
The endoplasm freezes you.
You are frozen.
* * * LOW HITPOINT WARNING * * *
Okay, then.
You see here a +0 long sword.
You block the endoplasm's attack.
The endoplasm jiggles.
The rat twitches its whiskers.
The endoplasm jiggles.
There is a stone staircase leading up here.
The endoplasm freezes you.
You are frozen.
You die...

#≈.≈≈≈≈♣≈≈≈##.# #.#
...≈≈.≈.♣.≈##.# #.#
##.≈.♣≈.....####.###
######.≈.≈≈≈####..)....####
.........#### #....†.....#
#####...# ##..........##
##.## #.............
#.#######.............
#....@Jr.........#..##
#########........#....
#....)##.##...
###>..........
......#........
#............##.
#.####.#.....##. #
#.#........ #.##.##.##.


You could see an endoplasm and a rat.

Vanquished Creatures
  4 worms (D:2)
  2 bats (D:1)
  2 endoplasms (D:1)
  5 goblins
  A hobgoblin (D:1)
  4 kobolds (D:1)
  2 quokkas (D:1)
  5 ball pythons
  A frilled lizard (D:2)
26 creatures vanquished.

Notes
Turn   | Place    | Note
-------+----------+-------------------------------------------
     0 | D:1      | bande the Gargoyle Fighter began the quest for the Orb.
     0 | D:1      | Reached XP level 1. HP: 14/14 MP: 1/1
   417 | D:1      | Reached XP level 2. HP: 17/19 MP: 2/2
   517 | D:1      | Found a faded altar of an unknown god.
  1189 | D:2      | Reached XP level 3. HP: 14/24 MP: 3/3
  1461 | D:2      | HP: 1/24 [frozen (3)]
  1481 | D:2      | Frozen to death by an endoplasm

Illustrated notes

Levels and vault maps discovered:
D:1:      shiori_arrival_oz, layout_loops_ring, ebering_ecumenical_altar_rust
D:2:      layout_loops_ring, chequers_serial_rivers_marsh

Skill      XL: |  1  2 |
---------------+-------+-----
Axes           | 2 |  2.5
Fighting       | |  3.7
Armour         | |  3.5
Dodging        | |  0.2
Stealth        | |  0.1
Shields        | |  3.6

Action                   || total
-------------------------++-------
Melee: War axe           ||    92
Armor: Scale mail        ||    63
Dodge: Dodged            ||    52
Block: Buckler           ||    23

Table legend: (Time is in decaauts)
 A = Elapsed time spent in this place.
 B = Non-inter-level travel time spent in this place.
 C = Inter-level travel time spent in this place.
 D = Time resting spent in this place.
 E = Time spent auto-exploring this place.
 F = Levels seen in this place.
 G = Mean time per level.
                   A        B        C        D        E       F      G
               +--------+--------+--------+--------+--------+-----+--------+
         Total |   1521 |   1489 |     32 |    386 |    851 |   2 |  760.5 |
       Dungeon |   1521 |   1489 |     32 |    386 |    851 |   2 |  760.5 |
               +--------+--------+--------+--------+--------+-----+--------+

Top non-repeatable levels by time:
     D:1: 1205 daAuts
     D:2: 316 daAuts
